 Dungeon Crawl Stone Soup version 0.30-a0-159-g068b764562 (webtiles) character file.

Game seed: 8752697520381873103

385 Anon1729 the Sneak (level 7, -8/32 HPs)
             Began as a Kobold Air Elementalist on Sept 27, 2022.
             Was a Follower of Hepliaklqana.
             Mangled by an iguana (10 damage)
             ... on level 5 of the Dungeon.
             The game lasted 00:06:05 (5309 turns).

Anon1729 the Sneak (Kobold Air Elementalist)        Turns: 5309, Time: 00:06:05

Health: -8/32      AC:  4    Str:  7    XL:     7   Next: 6%
Magic:  12/13      EV: 16    Int: 23    God:    Hepliaklqana [*.....]
Gold:   172        SH:  0    Dex: 15    Spells: 11/14 levels left

rFire   . . .      SeeInvis .    n - +11 long sword "Otismesu" {vorpal, rF- Str+3 Dex+3}
rCold   + + .      Faith    .    (no shield)
rNeg    . . .      Spirit   .    f - +1 robe {rC+}
rPois   +          Reflect  .    (helmet restricted)
rElec   +          Harm     .    (no cloak)
rCorr   +          Rampage  .    i - +0 pair of gloves
Will    .....                    (no boots)
Stlth   ++++......               l - amulet of the acrobat
HPRegen 0.10/turn                (no ring)
MPRegen 0.13/turn                (no ring)

@: resistant
A: reduced essence, small, no large weapons, nightstalker 3, horns 1, clever 1,
clumsy 1
a: Renounce Religion, Recall Ancestor, Ancestor Identity


You were on level 5 of the Dungeon.
You worshipped Hepliaklqana.
Hepliaklqana was aware of your devotion.
You visited 2 branches of the dungeon, and saw 6 of its levels.

You collected 192 gold pieces.
You spent 20 gold pieces at shops.

Inventory:

Hand Weapons
 h - a +0 rapier
 n - the +11 long sword "Otismesu" (weapon) {vorpal, rF- Str+3 Dex+3}
   (You found it on level 3 of the Dungeon)

   It inflicts extra damage upon your enemies.
   Str:       It affects your strength (+3).
   Dex:       It affects your dexterity (+3).
   rF:        It makes you vulnerable to fire.
Armour
 a - a +0 robe
 f - a +1 robe of cold resistance (worn)
 i - a +0 pair of gloves (worn)
Jewellery
 l - an amulet of the acrobat (around neck)
 r - a ring of wizardry
 x - a ring of willpower
Wands
 D - a wand of digging (7)
Scrolls
 c - 2 scrolls of fear
 d - 2 scrolls of brand weapon
 e - 5 scrolls of teleportation
 j - a scroll of vulnerability {unknown}
 k - a scroll of acquirement
 o - a scroll of magic mapping {unknown}
 p - 2 scrolls of summoning {unknown}
 q - 2 scrolls of noise {unknown}
 u - a scroll of amnesia {unknown}
 y - a scroll of identify
 B - a scroll of enchant weapon {unknown}
Potions
 b - a potion of magic
 g - a potion of resistance
 m - a potion of degeneration {unknown}
 s - a potion of curing {unknown}
 t - a potion of cancellation {unknown}
 v - 2 potions of mutation
 w - a potion of berserk rage {unknown}
 z - a potion of flight {unknown}
 A - a potion of attraction {unknown}
 C - a potion of brilliance {unknown}


   Skills:
 + Level 3.9 Dodging
 + Level 4.5 Stealth
 * Level 4.0 Spellcasting
 * Level 3.2 Conjurations
 * Level 4.3 Air Magic


You had 11 spell levels left.
You knew the following spells:

 Your Spells              Type           Power      Damage    Failure   Level
a - Shock                 Conj/Air       84%        1d8       2%          1
b - Static Discharge      Conj/Air       42%        2-4/arc   3%          2

Your spell library contained the following spells:

 Spells                   Type           Power      Damage    Failure   Level
 Swiftness                Air            24%        N/A       5%          3
 Kindle Blastsparks       Fire/Tloc/Air  22%        2d11      17%         3
 Airstrike                Air            12%        2d(2-18)  19%         4
 Gell's Gravitas          Tloc           4%         N/A       30%         3
 Portal Projectile        Hex/Tloc       8%         N/A       30%         3
 Cause Fear               Hex            2%         N/A       71%         4
 Dragon Form              Tmut           2%         N/A       100%        7
 Dragon's Call            Summ           2%         N/A       100%        9


Dungeon Overview and Level Annotations

Branches:
Dungeon (5/15)             Temple (1/1) D:4

Altars:
Elyvilon
Gozag
Hepliaklqana
Kikubaaqudgha
Makhleb
Nemelex Xobeh
Qazlal
Ru
Sif Muna
Trog
Wu Jian
Zin
The Shining One

Shops:
D:1 !   D:2 *

Annotations:
D:4 Pargi
D:5 1 runed translucent door


Innate Abilities, Weirdness & Mutations

Your life essence is reduced to manifest your ancestor. (-10% HP)
You are small and have problems with some larger weapons.
You are completely attuned to the shadows.
You have a pair of small horns on your head.
Your mind is acute. (Int +4, Str/Dex -1)
You are clumsy. (Dex -2)


Message History

You barely miss the iguana.
Titus hits the iguana!
The iguana bites you!
Titus hits the iguana but does no damage.
You hit the iguana.
The iguana is severely wounded.
The black bear bites Titus.
The black bear claws Titus but does no damage.
The black bear claws Titus.
The iguana barely misses you.
Titus hits the black bear.
The iguana bites you.
The black bear bites Titus.
The black bear claws Titus.
The black bear claws Titus but does no damage.
The iguana bites you but does no damage.
You are too injured to fight recklessly!
You are too injured to fight recklessly!
You are too injured to fight recklessly!
You are too injured to fight recklessly!
You are too injured to fight recklessly!
You are too injured to fight recklessly!
You are too injured to fight recklessly!
There are monsters nearby!
Titus closely misses the black bear.
The black bear bites Titus.
The black bear claws Titus.
The black bear claws Titus but does no damage.
The iguana attacks as you move away! The iguana completely misses you.
Titus hits the black bear!
Titus completely misses the black bear.
The iguana attacks as you move away! The iguana misses you.
The iguana attacks as you move away! The iguana barely misses you.
The iguana attacks as you move away! The iguana misses you.
The iguana attacks as you move away! The iguana misses you.
The iguana attacks as you move away! The iguana bites you!
* * * LOW HITPOINT WARNING * * *
The iguana attacks as you move away! The iguana completely misses you.
There is a stone staircase leading down here.
It was a potion of mutation.
You feel extremely strange. A pair of horns grows on your head!
You feel clumsy.
You feel clever. The iguana closely misses you. x2
It was a potion of resistance.
You feel protected. The iguana bites you!
You die...

#....# ######.##.#
#....#.##.####
########.##.#.##....#
#####...##'#....#.#....<#
#...............#.#.#.#.#
#...............#.#...#.#
##...................#.#.#
...........@.......#.#....
..........ll.........#######
..........h................#
........R....#....########.#
.........................##.#
.!..#!......................#
..................##..##...##
..................#........#
....R.†...........'.♣._.♣..#


You could see the friendly Titus the ancestor, a black bear and 2 iguanas.

Vanquished Creatures
  A black bear (D:5)
  A necrophage (D:4)
  A hound (D:4)
  2 orc priests (D:4)
  An orc wizard (D:4)
  Robin (D:3)
  2 adders (D:4)
  2 worms
  2 dart slugs
  3 orcs
  7 bats
  5 endoplasms
  7 giant cockroaches
  14 goblins
  10 hobgoblins
  2 jackals (D:2)
  A quokka (D:3)
  3 ball pythons
  4 frilled lizards
  8 kobolds
  2 rats (D:1)
79 creatures vanquished.

Vanquished Creatures (others)
  16 plants (D:3)
16 creatures vanquished.

Grand Total: 95 creatures vanquished

Notes
Turn   | Place    | Note
-------+----------+-------------------------------------------
     0 | D:1      | Anon1729 the Kobold Air Elementalist began the quest for
                  | the Orb.
     0 | D:1      | Reached XP level 1. HP: 10/10 MP: 3/3
   254 | D:1      | Reached XP level 2. HP: 5/15 MP: 0/5
   719 | D:1      | Found Ehailec's Distillery.
   735 | D:1      | You fall into a shaft and drop 1 floor!
   735 | D:2      | Found Echuekul's General Store.
   748 | D:2      | Bought a scroll of identify for 20 gold pieces
   906 | D:2      | Found a shimmering blue altar of Sif Muna.
  1293 | D:1      | Found a faded altar of an unknown god.
  1460 | D:1      | Reached XP level 3. HP: 19/19 MP: 6/6
  2361 | D:3      | Found an opulent altar of Gozag.
  2862 | D:3      | Identified the +11 long sword "Otismesu" {vorpal, rF- Str+3
                  | Dex+3}
  2883 | D:3      | Noticed Robin
  3148 | D:4      | Noticed a necrophage
  3152 | D:4      | Killed a necrophage
  3153 | D:4      | Reached XP level 4. HP: 24/24 MP: 8/8
  3153 | D:4      | Reached XP level 5. HP: 28/28 MP: 9/9
  3264 | D:4      | Noticed Pargi
  3272 | D:4      | Identified a scroll of acquirement
  3276 | D:4      | Learned a level 2 spell: Static Discharge
  3303 | D:4      | Found a staircase to the Ecumenical Temple.
  3322 | D:4      | Found a stormy altar of Qazlal.
  3339 | Temple   | Entered the Ecumenical Temple
  3368 | Temple   | Became a worshipper of Hepliaklqana the Forgotten
  3502 | D:4      | Got Louh's Tome of the Jaunt and the Squall
  3909 | D:4      | Reached XP level 6. HP: 10/32 MP: 5/10
  4423 | D:5      | Entered Level 5 of the Dungeon
  4632 | D:3      | Killed Robin
  5138 | D:3      | Reached * piety under Hepliaklqana
  5239 | D:5      | Found a bloodstained altar of Trog.
  5246 | D:5      | Found a runed translucent door.
  5291 | D:5      | Noticed a black bear
  5296 | D:5      | Killed a black bear
  5297 | D:5      | Reached XP level 7. HP: 29/32 MP: 11/13
  5308 | D:5      | Gained mutation: You have a pair of small horns on your
                  | head. [potion of mutation]
  5308 | D:5      | Gained mutation: You are clumsy. (Dex -2) [potion of
                  | mutation]
  5308 | D:5      | Gained mutation: Your mind is acute. (Int +4, Str/Dex -1)
                  | [potion of mutation]
  5309 | D:5      | Mangled by an iguana

Illustrated notes

Levels and vault maps discovered:
D:1:      eino_arrival_water_star, layout_rooms,
          hellmonk_ecumenical_altar_pennies_from_heaven, serial_shops, shop
D:2:      kennysheep_big_flooded_room, layout_basic, serial_shops,
          nicolae_shop_statue_plus, basic_altar, eino_curves_04
D:3:      layout_loops_cross, mainiacjoe_overflow_cross_hatched,
          kennysheep_crisscross, minmay_misc_feat_hallway, uniq_robin
D:4:      layout_loops_ring, nicolae_qazlal_scattered_showers, temple_doors_e,
          minmay_misc_feat_four_crosses, minmay_puff, uniq_pargi
D:5:      minmay_bubble_buster, layout_basic, kennysheep_okawaru_gauntlet,
          mainiacjoe_overflow_tiny_flanked, serial_shops, shop,
          ebering_ghost_sewer_f
Temple:   hellmonk_temple_rainy

Skill      XL: |  1  2  3  4  5  6 |
---------------+-------------------+-----
Stealth        | 3 4 |  4.5
Dodging        | 3 |  3.9
Spellcasting   | 3 4 |  4.0
Conjurations   | 2 3 |  3.2
Air Magic      | 4 |  4.3

Action                   |  1- 3 |  4- 6 |  7- 9 || total
-------------------------+-------+-------+-------++-------
Melee: Unarmed           |    29 |       |       ||    29
       Rapier            |    25 |       |       ||    25
       Long sword        |    17 |    62 |     2 ||    81
 Cast: Shock             |    61 |     5 |       ||    66
  Use: Scroll            |     2 |     2 |       ||     4
       Potion            |       |       |     2 ||     2
 Stab: Sleeping          |     5 |     7 |       ||    12
       Distracted        |       |     1 |       ||     1
Armor: Robe              |    40 |     5 |     1 ||    46
Dodge: Dodged            |    90 |    55 |    10 ||   155

Table legend: (Time is in decaauts)
 A = Elapsed time spent in this place.
 B = Non-inter-level travel time spent in this place.
 C = Inter-level travel time spent in this place.
 D = Time resting spent in this place.
 E = Time spent auto-exploring this place.
 F = Levels seen in this place.
 G = Mean time per level.
                   A        B        C        D        E       F      G
               +--------+--------+--------+--------+--------+-----+--------+
         Total |   5350 |   5156 |    194 |    427 |   4060 |   6 |  891.7 |
       Dungeon |   5314 |   5126 |    188 |    427 |   4057 |   5 | 1062.8 |
        Temple |     35 |     29 |      6 |      0 |      3 |   1 |   35.0 |
               +--------+--------+--------+--------+--------+-----+--------+

Top non-repeatable levels by time:
     D:4: 1544 daAuts
     D:1: 1319 daAuts
     D:2: 1229 daAuts
     D:3: 1115 daAuts
     D:5: 105 daAuts
  Temple: 35 daAuts
